| TOP OF THE 1ST |
|
New Orleans Zephyrs batting - Pitching for Las Vegas 51s : RHP Andy Carrell
|
|
Pitching: RHP Andy Carrell
|
|
|
Batting: RHB Boof Howell
|
0-0: Called Strike 0-1: Bunt missed! 0-2: Foul Ball, location: 2F 0-2: Ball 1-2: Ball 2-2: DOUBLE (Line Drive, 78D, EV 105.0 MPH)
|
|
Batting: SHB Ramon Martinez
|
0-0: Called Strike 0-1: Ball 1-1: Fly out, F8 (Line Drive, 78M, EV 98.8 MPH)
|
|
Batting: RHB Manuel Taveras
|
0-0: Ball 1-0: Ball 2-0: Fly out, F7 (Flyball, 78S, EV 88.8 MPH)
|
|
Batting: RHB Rick Fell
|
0-0: Swinging Strike 0-1: Called Strike 0-2: Strikes out swinging
|
| Top of the 1st over - 0 runs, 1 hit, 0 errors, 1 left on base; New Orleans 0 - Las Vegas 0 |
| BOTTOM OF THE 1ST |
|
Las Vegas 51s batting - Pitching for New Orleans Zephyrs : RHP John Dinsmore
|
|
Pitching: RHP John Dinsmore
|
|
|
Batting: RHB Billy Walker
|
0-0: Ball 1-0: Swinging Strike 1-1: Called Strike 1-2: Strikes out swinging
|
|
Batting: SHB Masatoshi Akahoshi
|
0-0: Ground out U3 (Groundball, 3L, EV 110.0 MPH)
|
|
Batting: LHB Bill Armijo
|
0-0: Called Strike 0-1: Foul Ball, location: 2F 0-2: Strikes out swinging
|
| Bottom of the 1st over - 0 runs, 0 hits, 0 errors, 0 left on base; New Orleans 0 - Las Vegas 0 |
| TOP OF THE 2ND |
|
New Orleans Zephyrs batting - Pitching for Las Vegas 51s : RHP Andy Carrell
|
|
Batting: RHB Isaiah Brockman
|
0-0: Ball 1-0: Ground out 6-3 (Groundball, 6, EV 77.5 MPH)
|
|
Batting: LHB David Doge
|
0-0: Ball 1-0: Ball 2-0: Ball 3-0: Foul Ball, location: 2F 3-1: SINGLE (Groundball, 34D, EV 95.0 MPH)
|
|
Batting: RHB Harrie de Kam
|
0-0: Called Strike 0-1: Ball 1-1: Ball 2-1: SINGLE (Groundball, 56D, EV 110.6 MPH) David Doge to second
|
|
Batting: RHB Masumitsu Sugiura
|
0-0: Fielders Choice at 2nd, 6-4 (Groundball, 6M, EV 102.5 MPH) David Doge to third
|
|
Batting: RHB John Jackson
|
0-0: Ball 1-0: Foul Ball, location: 2F 1-1: Ball 2-1: Foul Ball, location: 2F 2-2: Fly out, F8 (Flyball, 89S, EV 92.5 MPH)
|
| Top of the 2nd over - 0 runs, 2 hits, 0 errors, 2 left on base; New Orleans 0 - Las Vegas 0 |
| BOTTOM OF THE 2ND |
|
Las Vegas 51s batting - Pitching for New Orleans Zephyrs : RHP John Dinsmore
|
|
Batting: SHB Justin Wallace
|
0-0: Foul Ball, location: 2F 0-1: Fly out, F8 (Flyball, 8LXD, EV 97.5 MPH)
|
|
Batting: RHB Andy Carrell
|
0-0: Foul Ball, location: 2F 0-1: Foul Ball, location: 2F 0-2: Fly out, F9 (Flyball, 9, EV 90.6 MPH)
|
|
Batting: RHB Mike Phillips
|
0-0: Swinging Strike 0-1: SINGLE (Groundball, 4D, EV 96.2 MPH)
|
|
Batting: RHB Devine Adams
|
0-0: Called Strike 0-1: Ball 1-1: Ball 2-1: Foul Ball, location: 2F 2-2: Strikes out swinging
|
| Bottom of the 2nd over - 0 runs, 1 hit, 0 errors, 1 left on base; New Orleans 0 - Las Vegas 0 |
| TOP OF THE 3RD |
|
New Orleans Zephyrs batting - Pitching for Las Vegas 51s : RHP Andy Carrell
|
|
Batting: RHB Boof Howell
|
0-0: Called Strike 0-1: Fly out, F8 (Flyball, 78XD, EV 113.8 MPH)
|
|
Batting: SHB Ramon Martinez
|
0-0: Ball 1-0: Ground out 4-3 (Groundball, 4, EV 88.8 MPH)
|
|
Batting: RHB Manuel Taveras
|
0-0: Ball 1-0: Called Strike 1-1: Ball 2-1: Swinging Strike 2-2: Ground out 2-3 (Groundball, 2L, EV 72.5 MPH)
|
| Top of the 3rd over - 0 runs, 0 hits, 0 errors, 0 left on base; New Orleans 0 - Las Vegas 0 |
| BOTTOM OF THE 3RD |
|
Las Vegas 51s batting - Pitching for New Orleans Zephyrs : RHP John Dinsmore
|
|
Batting: RHB Omar Novoa
|
0-0: DOUBLE (Line Drive, 78M, EV 95.6 MPH)
|
|
Batting: RHB Koen van Oort
|
0-0: Called Strike 0-1: SINGLE (Line Drive, 56D, EV 110.6 MPH) Omar Novoa to third
|
|
Batting: RHB Billy Walker
|
0-0: Ball 1-0: Ball 2-0: Grounds into double play, 6-4-3 (Groundball, 6, EV 83.1 MPH) Omar Novoa scores
|
|
Batting: SHB Masatoshi Akahoshi
|
0-0: Ball 1-0: Called Strike 1-1: Foul Ball, location: 2F 1-2: Ball 2-2: Ball 3-2: Foul Ball, location: 2F 3-2: Base on Balls
|
|
Batting: LHB Bill Armijo
|
0-0: 2-RUN HOME RUN (Flyball, 89XD, EV 110.0 MPH), Distance : 442 ft
|
|
Batting: SHB Justin Wallace
|
0-0: Ball 1-0: Called Strike 1-1: Ball 2-1: Swinging Strike 2-2: Ball 3-2: Base on Balls
|
|
Batting: RHB Andy Carrell
|
0-0: Ball 1-0: Ball 2-0: Ball 3-0: Fly out, F9 (Flyball, 9, EV 86.9 MPH)
|
| Bottom of the 3rd over - 3 runs, 3 hits, 0 errors, 1 left on base; New Orleans 0 - Las Vegas 3 |
| TOP OF THE 4TH |
|
New Orleans Zephyrs batting - Pitching for Las Vegas 51s : RHP Andy Carrell
|
|
Batting: RHB Rick Fell
|
0-0: Ball 1-0: Ball 2-0: Fly out, F9 (Flyball, 9S, EV 91.2 MPH)
|
|
Batting: RHB Isaiah Brockman
|
0-0: Called Strike 0-1: Called Strike 0-2: Ball 1-2: SINGLE (Groundball, 56D, EV 96.9 MPH)
|
|
Batting: LHB David Doge
|
0-0: Ball 1-0: SINGLE (Groundball, 25, EV 68.1 MPH) (infield hit) Isaiah Brockman to second
|
|
Batting: RHB Harrie de Kam
|
0-0: Called Strike 0-1: Ball 1-1: Ball 2-1: Swinging Strike 2-2: Fielders Choice at 2nd, 1-6 (Groundball, 34S, EV 71.2 MPH) Isaiah Brockman to third
|
|
Batting: RHB Masumitsu Sugiura
|
0-0: Ball 1-0: Foul Ball, location: 2F 1-1: Swinging Strike Passed Ball! Isaiah Brockman scores Harrie de Kam to second 1-2: Ball 2-2: SINGLE (Groundball, 6, EV 94.4 MPH) Harrie de Kam to third Runner from 3rd tries for Home, SAFE, throw by LF to home
|
|
Batting: RHB John Jackson
|
0-0: Foul Ball, location: 2F 0-1: Ball 1-1: Called Strike 1-2: Ball 2-2: Strikes out looking
|
| Top of the 4th over - 2 runs, 3 hits, 0 errors, 1 left on base; New Orleans 2 - Las Vegas 3 |
| BOTTOM OF THE 4TH |
|
Las Vegas 51s batting - Pitching for New Orleans Zephyrs : RHP John Dinsmore
|
|
Batting: RHB Mike Phillips
|
0-0: Called Strike 0-1: Foul Ball, location: 2F 0-2: Foul Ball, location: 2F 0-2: Fly out, F6 (Popup, 6, EV 55.6 MPH)
|
|
Batting: RHB Devine Adams
|
0-0: Swinging Strike 0-1: Ground out 6-3 (Groundball, 56D, EV 80.6 MPH)
|
|
Batting: RHB Omar Novoa
|
0-0: Called Strike 0-1: Ball 1-1: Called Strike 1-2: Ball 2-2: Fly out, F7 (Flyball, 7, EV 90.0 MPH)
|
| Bottom of the 4th over - 0 runs, 0 hits, 0 errors, 0 left on base; New Orleans 2 - Las Vegas 3 |
| TOP OF THE 5TH |
|
New Orleans Zephyrs batting - Pitching for Las Vegas 51s : RHP Andy Carrell
|
|
Batting: RHB Boof Howell
|
0-0: Ball 1-0: Ball 2-0: Ball 3-0: Base on Balls
|
|
Batting: SHB Ramon Martinez
|
0-0: Called Strike 0-1: Ball 1-1: Called Strike 1-2: Foul Ball, location: 2F 1-2: Ball 2-2: Foul Ball, location: 2F 2-2: Ball 3-2: SINGLE (Line Drive, 5D, EV 105.6 MPH) Boof Howell to second Boof Howell to third
|
|
Batting: RHB Manuel Taveras
|
0-0: Foul Ball, location: 2F 0-1: Ball Ramon Martinez steals 2nd base (no throw) 1-1: Ball 2-1: Foul Ball, location: 2F 2-2: Fly out, F7 (Flyball, 7, EV 95.6 MPH) Runner from 3rd tags up, OUT at HOME! 7-2 Ramon Martinez to third
|
|
Pitching: RHP Shan-tang Chi
|
|
|
Batting: RHB Rick Fell
|
0-0: Foul Ball, location: 2F 0-1: Foul Ball, location: 2F 0-2: Ground out 6-3 (Groundball, 6, EV 91.2 MPH)
|
| Top of the 5th over - 0 runs, 1 hit, 0 errors, 1 left on base; New Orleans 2 - Las Vegas 3 |
| BOTTOM OF THE 5TH |
|
Las Vegas 51s batting - Pitching for New Orleans Zephyrs : RHP John Dinsmore
|
|
Batting: RHB Koen van Oort
|
0-0: Called Strike 0-1: Called Strike 0-2: Ball 1-2: Strikes out looking
|
|
Batting: RHB Billy Walker
|
0-0: Ball 1-0: Ball 2-0: Called Strike 2-1: SINGLE (Groundball, 6M, EV 81.2 MPH) (infield hit)
|
|
Batting: SHB Masatoshi Akahoshi
|
0-0: Ball Billy Walker steals 2nd base 1-0: Ball 2-0: Foul Ball, location: 2F 2-1: Foul Ball, location: 2F 2-2: Foul Ball, location: 2F 2-2: Ball 3-2: Strikes out swinging
|
|
Batting: LHB Bill Armijo
|
0-0: Called Strike 0-1: Ball 1-1: Ball 2-1: Ball 3-1: Foul Ball, location: 2F 3-2: Foul Ball, location: 2F 3-2: Foul Ball, location: 2F 3-2: Ground out 4-3 (Groundball, 4, EV 106.9 MPH)
|
| Bottom of the 5th over - 0 runs, 1 hit, 0 errors, 1 left on base; New Orleans 2 - Las Vegas 3 |
| TOP OF THE 6TH |
|
New Orleans Zephyrs batting - Pitching for Las Vegas 51s : RHP Shan-tang Chi
|
|
Batting: RHB Isaiah Brockman
|
0-0: Ball 1-0: Foul Ball, location: 2F 1-1: Fly out, F7 (Flyball, 7LM, EV 96.9 MPH)
|
|
Batting: LHB David Doge
|
0-0: Called Strike 0-1: Swinging Strike 0-2: Ball 1-2: Ground out 1-3 (Groundball, 15S, EV 66.9 MPH)
|
|
Batting: RHB Harrie de Kam
|
0-0: Ball 1-0: Swinging Strike 1-1: Foul Ball, location: 2F 1-2: SINGLE (Groundball, 4D, EV 98.1 MPH)
|
|
Batting: RHB Masumitsu Sugiura
|
0-0: Called Strike Harrie de Kam is caught stealing 2nd base 2-4
|
| Top of the 6th over - 0 runs, 1 hit, 0 errors, 0 left on base; New Orleans 2 - Las Vegas 3 |
| BOTTOM OF THE 6TH |
|
Las Vegas 51s batting - Pitching for New Orleans Zephyrs : RHP John Dinsmore
|
|
Batting: SHB Justin Wallace
|
0-0: Foul Ball, location: 2F 0-1: Ball 1-1: DOUBLE (Line Drive, 7LD, EV 104.4 MPH)
|
|
Batting: RHB Andy Carrell
|
0-0: Called Strike 0-1: Foul Ball, location: 2F 0-2: Ball 1-2: Foul Ball, location: 2F 1-2: Strikes out swinging
|
|
Batting: RHB Mike Phillips
|
0-0: SINGLE (Groundball, 56, EV 101.9 MPH) (infield hit) Justin Wallace to third
|
|
Batting: RHB Devine Adams
|
0-0: Ball 1-0: Called Strike 1-1: Fly out, F7 (Flyball, 7S, EV 80.0 MPH)
|
|
Batting: RHB Omar Novoa
|
0-0: Ball 1-0: Ball 2-0: Fielders Choice at 2nd, 5-4 (Groundball, 5, EV 80.6 MPH)
|
| Bottom of the 6th over - 0 runs, 2 hits, 0 errors, 2 left on base; New Orleans 2 - Las Vegas 3 |
| TOP OF THE 7TH |
|
New Orleans Zephyrs batting - Pitching for Las Vegas 51s : RHP Shan-tang Chi
|
|
Pitching: RHP Ryan Wilson
|
|
|
Batting: RHB Masumitsu Sugiura
|
0-0: Foul Ball, location: 2F 0-1: SINGLE (Flyball, 7, EV 88.8 MPH)
|
|
Batting: RHB John Jackson
|
0-0: Foul Ball, location: 2F 0-1: Foul Ball, location: 2F 0-2: Foul Ball, location: 2F 0-2: Ball 1-2: Ball 2-2: Strikes out looking
|
|
Batting: RHB Boof Howell
|
0-0: Ball 1-0: Foul Ball, location: 2F 1-1: Foul Ball, location: 2F 1-2: Ball 2-2: Grounds into double play, 2-6-3 (Groundball, 13S, EV 60.6 MPH)
|
| Top of the 7th over - 0 runs, 1 hit, 0 errors, 0 left on base; New Orleans 2 - Las Vegas 3 |
| BOTTOM OF THE 7TH |
|
Las Vegas 51s batting - Pitching for New Orleans Zephyrs : RHP John Dinsmore
|
|
Batting: RHB Koen van Oort
|
0-0: Swinging Strike 0-1: Ball 1-1: Ball 2-1: Ball 3-1: Fly out, F9 (Line Drive, 9S, EV 89.4 MPH)
|
|
Pitching: RHP Chris Forster
|
|
|
Batting: RHB Billy Walker
|
0-0: Swinging Strike 0-1: Ball 1-1: Swinging Strike 1-2: Strikes out swinging
|
|
Batting: SHB Masatoshi Akahoshi
|
0-0: Called Strike 0-1: Ball 1-1: Fly out, F8 (Line Drive, 8LM, EV 104.4 MPH)
|
| Bottom of the 7th over - 0 runs, 0 hits, 0 errors, 0 left on base; New Orleans 2 - Las Vegas 3 |
| TOP OF THE 8TH |
|
New Orleans Zephyrs batting - Pitching for Las Vegas 51s : RHP Ryan Wilson
|
|
Pitching: RHP Thomas Clark
|
|
|
Batting: SHB Ramon Martinez
|
0-0: SINGLE (Groundball, 56D, EV 98.1 MPH)
|
|
Batting: RHB Manuel Taveras
|
0-0: Fly out, F8 (Flyball, 78D, EV 103.8 MPH)
|
|
Batting: RHB Rick Fell
|
0-0: Foul Ball, location: 2F 0-1: Called Strike 0-2: Strikes out swinging
|
|
Batting: RHB Isaiah Brockman
|
0-0: Ball 1-0: Fly out, F9 (Line Drive, 9, EV 92.5 MPH)
|
| Top of the 8th over - 0 runs, 1 hit, 0 errors, 1 left on base; New Orleans 2 - Las Vegas 3 |
| BOTTOM OF THE 8TH |
|
Las Vegas 51s batting - Pitching for New Orleans Zephyrs : RHP Chris Forster
|
|
Batting: LHB Bill Armijo
|
0-0: Foul Ball, location: 2F 0-1: Ball 1-1: Ball 2-1: SOLO HOME RUN (Flyball, 9D, EV 115.0 MPH), Distance : 434 ft
|
|
Batting: SHB Justin Wallace
|
0-0: Ball 1-0: Ball 2-0: Called Strike 2-1: Ball 3-1: Base on Balls
|
|
Batting: RHB Andy Carrell
|
0-0: Called Strike 0-1: Fly out, F8 (Flyball, 8LD, EV 106.9 MPH)
|
|
Batting: RHB Mike Phillips
|
0-0: Ball 1-0: Ball Wild Pitch! Justin Wallace to second 2-0: Ball 3-0: Base on Balls
|
|
Batting: RHB Devine Adams
|
0-0: Swinging Strike 0-1: Ball 1-1: Foul Ball, location: 2F 1-2: DOUBLE (Line Drive, 9LD, EV 105.6 MPH) Justin Wallace scores Mike Phillips to third Runner from 3rd tries for Home, SAFE, no throw by RF
|
|
Pitching: RHP Jeremy Akande
|
|
|
Batting: RHB Omar Novoa
|
0-0: Ground out 5-3 (Groundball, 56, EV 83.8 MPH)
|
|
Batting: RHB Koen van Oort
|
0-0: Called Strike 0-1: Ground out 4-3 (Groundball, 4M, EV 100.6 MPH)
|
| Bottom of the 8th over - 3 runs, 2 hits, 0 errors, 1 left on base; New Orleans 2 - Las Vegas 6 |
| TOP OF THE 9TH |
|
New Orleans Zephyrs batting - Pitching for Las Vegas 51s : RHP Thomas Clark
|
|
Pitching: LHP Ken Dewey
|
|
|
Batting: LHB David Doge
|
0-0: Ball 1-0: Ball 2-0: Reached on error, E3 (Groundball, 34, EV 109.4 MPH)
|
|
Batting: RHB Harrie de Kam
|
0-0: Swinging Strike 0-1: Swinging Strike 0-2: Ball 1-2: Strikes out swinging
|
|
Batting: RHB Masumitsu Sugiura
|
0-0: Ball 1-0: Called Strike 1-1: Ball 2-1: Ball 3-1: Foul Ball, location: 2F 3-2: Base on Balls David Doge to second
|
|
Batting: RHB John Jackson
|
0-0: SINGLE (Groundball, 4M, EV 100.6 MPH) David Doge to third Masumitsu Sugiura to second
|
|
Batting: RHB Boof Howell
|
0-0: SINGLE (Groundball, 4MD, EV 100.0 MPH) David Doge scores Masumitsu Sugiura to third John Jackson to second
|
|
Batting: SHB Ramon Martinez
|
0-0: Foul Ball, location: 2F 0-1: Called Strike 0-2: Foul Ball, location: 2F 0-2: Strikes out swinging
|
|
Batting: RHB Manuel Taveras
|
0-0: Ball 1-0: Ball 2-0: Called Strike 2-1: Fielders Choice at 2nd, 5-4 (Groundball, 5, EV 86.9 MPH)
|
| Top of the 9th over - 1 run, 2 hits, 1 error, 3 left on base; New Orleans 3 - Las Vegas 6 |
|